 Dungeon Crawl Stone Soup version 0.17-b1-18-g553e9fc (webtiles) character file.

289 Kloppie the Sneak (level 6, -6/41 HPs)
             Began as a Vampire Enchanter on Nov 4, 2015.
             Killed from afar by an orc wizard (12 damage)
             ... with a puff of flame
             ... on level 4 of the Dungeon.
             The game lasted 00:05:41 (2673 turns).

Kloppie the Sneak (Vampire Enchanter)               Turns: 2673, Time: 00:05:41

Health: -6/41      AC:  5    Str:  7    XL:     6   Next: 9%
Magic:  1/9        EV: 14    Int: 18    God:
Gold:   220        SH:  0    Dex: 16    Spells: 3 memorised, 3 levels left

rFire  . . .     SeeInvis +     a - +1 dagger
rCold  + . .     Clarity  .     b - +1 robe
rNeg   + + .     SustAt   .     (no shield)
rPois  +         Gourm    .     (no helmet)
rElec  .         Spirit   .     (no cloak)
rCorr  .         Warding  .     e - +0 pair of gloves
rMut   .         Stasis   .     f - +0 pair of boots
MR     .....                    (no amulet)
Stlth  ++++......               (no ring)
                                (no ring)

@: regenerating slowly, not resistant to hostile enchantments, stealthy
A: fangs 3, see invisible, unbreathing
a: Bat Form


You were on level 4 of the Dungeon.
You were thirsty.

You visited 1 branch of the dungeon, and saw 5 of its levels.

You collected 220 gold pieces.

Inventory:

Hand Weapons
 a - a +1 dagger (weapon)
Armour
 b - a +1 robe (worn)
 e - a +0 pair of gloves (worn)
 f - a +0 pair of boots (worn)
Jewellery
 w - an uncursed ring of ice {unknown}
Wands
 n - a wand of flame (25)
 v - a wand of slowing (17)
Scrolls
 d - a scroll of enchant weapon {unknown}
 h - 2 scrolls of magic mapping {unknown}
 j - 3 scrolls of remove curse {unknown}
 l - a scroll of teleportation {unknown}
 m - 5 scrolls of identify {unknown}
 q - a scroll of enchant armour {unknown}
 s - a scroll of fear {unknown}
 u - a scroll of fog {unknown}
Potions
 g - a potion of heal wounds {unknown}
 i - 2 potions of invisibility {unknown}
 k - 3 potions of curing {unknown}
 o - a potion of brilliance {unknown}
 p - a potion of beneficial mutation {unknown}
 r - a potion of poison {unknown}
 t - a potion of flight {unknown}
 x - a potion of degeneration {unknown}
Books
 c - a book of Maledictions

   Spells                             Type                      Level
   a - Corona                         Hexes                        1
   b - Ensorcelled Hibernation        Hexes/Ice                    2
   c - Confuse                        Hexes                        3
   d - Tukima's Dance                 Hexes                        3
   e - Dazzling Spray                 Conjuration/Hexes            3


   Skills:
 - Level 2.0 Short Blades
 + Level 4.2 Dodging
 + Level 7.5 Stealth
 - Level 2.0 Spellcasting
 + Level 6.0 Hexes


You had 3 spell levels left.
You knew the following spells:

 Your Spells              Type           Power        Failure   Level  Hunger
a - Corona                Hex            ###....      1%          1    #......
b - Ensorcelled Hibernat  Hex/Ice        ##....       10%         2    ###....
c - Confuse               Hex            ###.....     4%          3    ###....


Dungeon Overview and Level Annotations

Branches:
Dungeon (5/15)
 Temple: D:4-7

Altars:
Fedhas
Xom

Annotations:
D:3 Grinder


Innate Abilities, Weirdness & Mutations

You heal slowly.
You have razor-sharp teeth.
You have supernaturally acute eyesight.
You can survive without breathing.


Message History

Aim: an orc wizard, wielding a dagger and wearing a robe (slightly transparent, chance to defeat MR: 43%)
The orc wizard resists with some effort.
You are feeling thirsty.
The orc wizard closely misses you.
The giant cockroach bites you but does no damage.
You hit the orc wizard but do no damage.
Your bite misses the orc wizard. The giant cockroach bites you.
* * * LOW HITPOINT WARNING * * *
The orc wizard hits you with a dagger.
* * * LOW HITPOINT WARNING * * *
The giant cockroach closely misses you. The orc wizard hits you with a dagger.
* * * LOW HITPOINT WARNING * * *
You climb upwards.
There is a stone staircase leading down here.
Things that are here:
a leather armour; a dagger The giant cockroach closely misses you.
The orc wizard casts a spell at you. The puff of flame hits you!
You die...

....#.........#...............#
....#######...#...............###
..........#...##'#.....#######...
..........#......#.....#.....#...
.......>..#......#.....#.....'...
####......#[>....#.....#.....#...
...#......#..[...#.....#....##...
...#...o..#....o.#.....#....#####
...#......#....s@'.....#....#....
...'......########.....#....+....
####....o......<.......#....#....
........o..............#....#....
.......................#....#####
.........%.............#######.##
.......................#.........
............######.....'.........
............#....#.....#.........


You could see an orc wizard (invisible) and a giant cockroach.

Vanquished Creatures
  A phantom (D:4)
  A centaur skeleton (D:4)
  2 orc wizards
  An iguana (D:4)
  A hound skeleton (D:3)
  3 adders
  A worm (D:5)
  A giant gecko (D:3)
  6 orcs
  7 bats
  3 giant cockroaches
  4 hobgoblins (D:2)
  A jackal (D:5)
  A quokka (D:4)
  A ball python (D:4)
  4 giant newts
  10 goblins
  6 kobolds
  2 rats
56 creatures vanquished.

Notes
Turn   | Place    | Note
--------------------------------------------------------------
     0 | D:1      | Kloppie the Vampire Enchanter began the quest for the Orb.
     0 | D:1      | Reached XP level 1. HP: 13/13 MP: 3/3
   538 | D:1      | Reached XP level 2. HP: 16/19 MP: 5/5
   743 | D:2      | Found a shimmering altar of Xom.
   764 | D:2      | Reached skill level 5 in Stealth
   782 | D:2      | Reached XP level 3. HP: 24/24 MP: 6/6
   798 | D:2      | Learned a level 2 spell: Ensorcelled Hibernation
   802 | D:2      | Learned a level 3 spell: Confuse
  1275 | D:3      | Reached XP level 4. HP: 26/30 MP: 7/7
  1289 | D:3      | Reached skill level 6 in Stealth
  1344 | D:3      | Found a blossoming altar of Fedhas.
  1366 | D:3      | Noticed Grinder
  1715 | D:4      | Reached skill level 5 in Hexes
  1821 | D:4      | Noticed a phantom
  1838 | D:4      | Killed a phantom
  1838 | D:4      | Reached skill level 7 in Stealth
  1838 | D:4      | Reached XP level 5. HP: 23/35 MP: 8/8
  2253 | D:5      | Entered Level 5 of the Dungeon
  2665 | D:5      | Reached XP level 6. HP: 11/41 MP: 2/9
  2673 | D:4      | Killed from afar by an orc wizard

Action                   |  1- 3 |  4- 6 || total
-------------------------+-------+-------++-------
Melee: Dagger            |   108 |    92 ||   200
 Cast: Ensorcelled Hiber |       |     8 ||     8
 Stab: Sleeping          |     7 |     9 ||    16
  Eat: Corpse            |     2 |     3 ||     5
